AoeStats
← i2i Vibe

Arabia

509298916Analyzed
3v3 RM · 4d ago on Sep 26, 2026· 58m 35s· 6 players
Game mode
Random Map
Map size
Normal (6 player)
Population
200
Speed
Normal
Resources
Standard
Victory
Conquest
Starting age
Dark Age
Ending age
Imperial Age
RankedLock teamsTeams togetherTeam positionsShared explorationLock speedFull tech treeHidden civsTurbo modeCheats
Victory
Defeat
958
+17
🇨🇳 Portuguese · China
936
+42
🇺🇸 Wei · United States
840
+22
🇲🇽 Franks · Mexico
1043
-21
🇲🇽 Teutons · Mexico
1020
-21
🇲🇽 Mongols · Mexico
890
-15
i2i Vibe
9:49 Feudal Age
8:05 Loom
10:23 Double-Bit Axe
20:36 Castle Age
18:55 Gold Mining
19:01 Stone Mining
21:16 Scale Barding Armor
21:16 Horse Collar
22:02 Husbandry
22:18 Forging
26:50 Wheelbarrow
26:48 Pikeman
27:58 Town Watch
29:37 Bloodlines
34:18 Imperial Age
33:43 Bow Saw
33:51 Heavy Plow
34:22 Heavy Hei Guang Cavalry
37:31 Chain Barding Armor
39:40 Iron Casting
39:34 Fletching
42:35 Blast Furnace
45:24 Bodkin Arrow
45:58 Conscription
47:01 Tuntian
小怪兽
0:30 Loom
10:48 Feudal Age
15:07 Castle Age
13:39 Double-Bit Axe
13:36 Horse Collar
15:24 Pikeman
19:34 Gambesons
24:09 Bow Saw
24:02 Heavy Plow
30:53 Imperial Age
28:28 Gold Mining
29:45 Wheelbarrow
31:02 Halberdier
31:51 Treadmill Crane
33:18 Chemistry
34:09 Stone Mining
35:23 Two-Man Saw
34:57 Crop Rotation
35:38 Arson
38:35 Hand Cart
39:22 Stone Shaft Mining
39:01 Scale Barding Armor
39:07 Forging
38:58 Scale Mail Armor
41:20 Siege Engineers
41:37 Ballistics
44:41 Chain Mail Armor
45:02 Iron Casting
46:32 Plate Mail Armor
47:03 Blast Furnace
45:56 Fletching
47:06 Murder Holes
52:30 Fortified Wall
57:52 Capped Ram
清世纪福音战士洪秀全
2:44 Loom
11:22 Feudal Age
12:06 Double-Bit Axe
12:03 Horse Collar
13:56 Scale Mail Armor
14:38 Forging
17:20 Arson
24:20 Castle Age
24:46 Pikeman
27:39 Chain Mail Armor
28:00 Iron Casting
27:17 Fletching
28:37 Squires
28:24 Gambesons
30:00 Bow Saw
31:15 Heavy Plow
35:25 Bodkin Arrow
36:23 Gold Mining
36:26 Stone Mining
39:01 Wheelbarrow
38:16 Town Watch
40:05 Hand Cart
40:33 Scale Barding Armor
41:27 Chain Barding Armor
41:18 Husbandry
41:29 Bloodlines
45:57 Imperial Age
45:32 Gold Shaft Mining
45:34 Stone Shaft Mining
47:01 Conscription
47:15 Plate Mail Armor
47:45 Blast Furnace
47:22 Plate Barding Armor
46:15 Halberdier
47:50 Stirrups
48:51 Bracer
49:32 Elite Konnik
elliottcorpus
2:23 Loom
11:14 Feudal Age
19:42 Castle Age
17:52 Horse Collar
18:13 Double-Bit Axe
20:25 Gold Mining
20:28 Stone Mining
20:47 Heavy Plow
23:04 Bow Saw
29:18 Forging
29:09 Scale Mail Armor
34:19 Iron Casting
34:00 Chain Mail Armor
37:08 Imperial Age
35:28 Fletching
37:58 Wheelbarrow
37:09 Town Watch
38:30 Crop Rotation
38:55 Conscription
40:28 Blast Furnace
39:58 Plate Mail Armor
40:35 Bodkin Arrow
41:33 Heavy Scorpion
42:46 Man-at-Arms
43:27 Squires
42:51 Elite Teutonic Knight
43:32 Gambesons
43:50 Long Swordsman
45:17 Two-Handed Swordsman
49:12 Two-Handed Swordsman
50:43 Hand Cart
51:19 Pikeman
eltequieromucho
0:31 Loom
2:08 Loom
11:39 Feudal Age
12:01 Feudal Age
26:56 Castle Age
28:46 Husbandry
39:04 Double-Bit Axe
42:55 Imperial Age
43:04 Wheelbarrow
44:19 Elite Mangudai
45:04 Nomads
47:21 Ballistics
53:15 Pikeman
56:13 Forging
55:54 Fletching
56:24 Squires
56:09 Arson
Dacrawl
2:29 Loom
11:13 Feudal Age
16:06 Castle Age
14:47 Double-Bit Axe
22:35 Wheelbarrow
22:08 Scale Barding Armor
23:09 Wheelbarrow
23:29 Forging
25:56 Stone Mining
26:46 Town Watch
28:12 Chain Barding Armor
29:19 Fletching
33:57 Ordonnance Companies
34:37 Gold Mining
38:46 Imperial Age
36:40 Bow Saw
37:44 Iron Casting
39:18 Gold Shaft Mining
38:51 Cavalier
40:46 Conscription
41:36 Paladin
42:54 Husbandry
44:21 Blast Furnace
45:53 Plate Barding Armor
45:40 Chivalry
46:50 Hand Cart
47:39 Scale Mail Armor
Connection lost

Rejoining the realm…

Still unreachable

The connection could not be restored.

Session expired

The server has moved on; the page needs a fresh start.